 Dungeon Crawl Stone Soup version 0.21-a0-444-g29a2fec (webtiles) character file.

87 slep the Slasher (level 4, 0/40 HPs)
             Began as a Minotaur Monk on Nov 17, 2017.
             Killed by nerve-wracking pain
             ... invoked by Grinder
              (14 damage)
             ... on level 3 of the Dungeon.
             The game lasted 00:04:44 (1265 turns).

slep the Slasher (Minotaur Monk)                    Turns: 1265, Time: 00:04:44

Health: 0/40       AC:  3    Str: 16    XL:     4   Next: 28%
Magic:  3/3        EV: 13    Int:  7    God:
Gold:   81         SH:  0    Dex: 13    Spells: 3/3 levels left

rFire    . . .     SeeInvis .   k - +0 mace
rCold    . . .     Gourm    .   (no shield)
rNeg     . . .     Faith    .   f - +0 leather armour (curse)
rPois    .         Spirit   .   (helmet restricted)
rElec    .         Reflect  .   (no cloak)
rCorr    .         Harm     .   (no gloves)
MR       .....                  (no boots)
Stlth    ++........             (no amulet)
HPRegen  0.13/turn              (no ring)
MPRegen  0.08/turn              (no ring)

@: hasted, very quick
A: retaliatory headbutt, horns 2
a: no special abilities


You were on level 3 of the Dungeon.
You were very hungry.

You visited 1 branch of the dungeon, and saw 3 of its levels.

You collected 81 gold pieces.

Inventory:

Hand Weapons
 a - a +0 falchion
 k - a +0 mace (weapon)
Armour
 b - a +0 robe
 f - a cursed +0 leather armour (worn)
 m - a +0 ring mail
Scrolls
 g - a scroll of random uselessness {unknown}
 i - 2 scrolls of identify {unknown}
Potions
 e - a potion of haste
 h - a potion of magic {unknown}
 j - a potion of invisibility {unknown}
Comestibles
 c - 3 bread rations
 l - 6 fruits


   Skills:
 + Level 4.2 Fighting
 + Level 4.7 Long Blades
 + Level 0.1 Maces & Flails
 + Level 0.3 Armour
 + Level 3.9 Dodging
 + Level 2.2 Stealth


You had 3 spell levels left.
You didn't know any spells.

Dungeon Overview and Level Annotations

Branches:
Dungeon (3/15)

Altars:

Annotations:
D:3 Grinder


Innate Abilities, Weirdness & Mutations

You reflexively headbutt those who attack you in melee.
You have a pair of horns on your head.


Message History

Your cursed +0 leather armour is stuck to your body!
Found 24 stones.
Grinder comes into view.
Grinder shouts!
It was a potion of curing.
You feel better.
It was a potion of haste.
You feel yourself speed up.
You hit Grinder.
Grinder is lightly wounded.
Grinder misses you.
You closely miss Grinder.
Grinder is lightly wounded.
Grinder says, "Mostly I couldn't keep them alive."
Grinder gestures at you. Pain shoots through your body!
You barely miss Grinder. Your headbutt misses Grinder.
Grinder is lightly wounded.
Grinder blinks!
Grinder gestures at you. Pain shoots through your body!
You die...

# .# ##. #.# ...
#.########.##.#
#.....5.......# #.#
#@# #.# #.# .######.#
####.###.##
(.......###...........
.######.....##########
.........####
########.# #.# #.#


You could see Grinder.

Vanquished Creatures
  6 adders
  A worm (D:2)
  A leopard gecko (D:2)
  An orc (D:2)
  3 ball pythons (D:1)
  2 giant cockroaches
  A goblin (D:2)
  A hobgoblin (D:1)
  3 jackals (D:2)
  3 bats (D:1)
  3 frilled lizards
  3 kobolds (D:2)
  3 rats
31 creatures vanquished.

Notes
Turn   | Place    | Note
-------+----------+-------------------------------------------
     0 | D:1      | slep the Minotaur Monk began the quest for the Orb.
     0 | D:1      | Reached XP level 1. HP: 19/19 MP: 0/0
   287 | D:1      | Reached XP level 2. HP: 27/27 MP: 1/1
   746 | D:2      | Reached XP level 3. HP: 28/33 MP: 2/2
   954 | D:2      | Reached XP level 4. HP: 15/40 MP: 3/3
  1259 | D:3      | Noticed Grinder
  1265 | D:3      | Killed from afar by Grinder

Vault maps used:
D:1:      sevenhm_arrival_forest_fort_large_1
D:2:      first_bread
D:3:      uniq_grinder

Skill      XL: |  1  2  3 |
---------------+----------+-----
Fighting       | 4 |  4.2
Long Blades    | 4 |  4.7
Stealth        | 2 |  2.2
Maces & Flails | |  0.1
Armour         | |  0.3
Dodging        | |  3.9

Action                   |  1- 3 |  4- 6 || total
-------------------------+-------+-------++-------
Melee: Falchion          |    48 |       ||    48
       Headbutt          |    13 |     2 ||    15
       Mace              |     7 |    14 ||    21
  Use: Potion            |       |     2 ||     2
 Stab: Sleeping          |     5 |       ||     5
Armor: Robe              |     8 |       ||     8
       Leather armour    |    12 |     1 ||    13
Dodge: Dodged            |    51 |    10 ||    61
       Rpst.: Falchion   |    12 |       ||    12

Table legend:
 A = Spawn XP
 B = Non-spawn XP
 C = Spawn XP percentage of total XP
 D = Spawn monster count
 E = Non-spawn monster count
 F = Spawn count percentage of total count
 G = Total turns spent on level
                    A         B        C        D         E        F      G
               +---------+---------+-------+---------+---------+-------+---------
         Total |       0 |     125 |   0.0 |       0 |      31 |   0.0 |  1265
               +---------+---------+-------+---------+---------+-------+---------
           D:1 |       0 |      16 |   0.0 |       0 |      10 |   0.0 |   638
           D:2 |       0 |      95 |   0.0 |       0 |      19 |   0.0 |   561
           D:3 |       0 |      14 |   0.0 |       0 |       2 |   0.0 |    66
               +---------+---------+-------+---------+---------+-------+---------
